 Dungeon Crawl Stone Soup version 0.25-a0-388-g41a7e554cb (webtiles) character file.

Game seed: 8167571592356977082, levelgen mode: deterministic

328 Borgoz the Cudgeler (level 6, -6/38 HPs)
             Began as a Gargoyle Gladiator on Jan 7, 2020.
             Killed by divine providence
             ... invoked by an orc priest
              (17 damage)
             ... on level 4 of the Dungeon.
             The game lasted 00:03:31 (2769 turns).

Borgoz the Cudgeler (Gargoyle Gladiator)            Turns: 2769, Time: 00:03:31

Health: -6/38      AC: 13    Str: 19    XL:     6   Next: 50%
Magic:  6/6        EV: 11    Int:  9    God:
Gold:   188        SH:  0    Dex: 11    Spells: 5/5 levels left

rFire    . . .     SeeInvis .   a - +0 flail
rCold    + . .     Gourm    .   (no shield)
rNeg     + . .     Faith    .   l - +0 scale mail
rPois    ∞         Spirit   .   c - +0 helmet
rElec    +         Reflect  .   (no cloak)
rCorr    .         Harm     .   n - +0 pair of gloves
MR       .....                  (no boots)
Stlth    ..........             (no amulet)
HPRegen  0.12/turn              g - ring of protection from cold
MPRegen  0.10/turn              (no ring)

@: no status effects
A: negative energy resistance 1, electricity resistance, unbreathing,
petrification resistance, rot immunity, AC +4
a: no special abilities


You were on level 4 of the Dungeon.
You were hungry.

You visited 1 branch of the dungeon, and saw 4 of its levels.

You collected 188 gold pieces.

Inventory:

Hand Weapons
 a - a +0 flail (weapon)
Missiles
 d - 3 throwing nets (quivered)
Armour
 c - a +0 helmet (worn)
 l - a +0 scale mail (worn)
 n - a +0 pair of gloves (worn)
 q - +0 fire dragon scales
Jewellery
 g - a ring of protection from cold (left hand)
 i - an uncursed ring of flight {unknown}
Wands
 b - a wand of iceblast (9)
Scrolls
 h - a scroll of fear {unknown}
 j - 2 scrolls of remove curse {unknown}
 m - 2 scrolls of teleportation {unknown}
 o - a scroll of magic mapping {unknown}
 p - a scroll of enchant weapon {unknown}
Potions
 k - a potion of heal wounds {unknown}
Comestibles
 f - 8 rations


   Skills:
 + Level 4.0 Fighting
 + Level 4.3 Maces & Flails
 - Level 1.7 Throwing
 + Level 3.1 Armour
 + Level 3.6 Dodging


You had 5 spell levels left.
You didn't know any spells.
Your spell library contained the following spells:

 Spells                   Type           Power        Failure   Level  Hunger
 Confusing Touch          Hex            #.....       77%         1    ##.....
 Confuse                  Hex            #.......     98%         3    ####...
 Gell's Gravitas          Tloc           #.........   98%         3    ####...
 Petrify                  Tmut/Erth      #.......     100%        4    #####..
 Metabolic Englaciation   Hex/Ice        #.........   100%        5    ######.
 Yara's Violent Unravell  Hex/Tmut       #.........   100%        5    ######.


Dungeon Overview and Level Annotations

Branches:
Dungeon (4/15)
 Temple: D:4-7

Altars:
Gozag
Wu Jian
Xom


Innate Abilities, Weirdness & Mutations

You are resistant to torment.
Your stone body is resilient. (AC +4)
You are immune to poison.
You resist negative energy. (rN+)
You are resistant to electric shocks. (rElec)
You can survive without breathing.
You are immune to petrification.
You are immune to rotting.


Message History

The orc priest is heavily wounded.
The orc priest calls down the wrath of Beogh upon you.
Pain shoots through your body!
You barely miss the orc priest.
The orc priest is heavily wounded.
The orc priest invokes the aid of Beogh against you.
Beogh smites you!
* * * LOW HITPOINT WARNING * * *
You hit the orc priest.
The orc priest is severely wounded.
The orc priest calls down the wrath of Beogh upon you.
Pain shoots through your body!
* * * LOW HITPOINT WARNING * * *
You closely miss the orc priest.
The orc priest is severely wounded.
The orc priest hits you but does no damage. x2
You feel better.
The orc priest invokes the aid of Beogh against you.
Beogh smites you!
You die...

....# . #..#
#. ###..###
#.##......#
.##....#..#(#
.......#[.#.#
.#.#...#..#.#
#..........#.#
#.#.#....#.#@#
#..........#o#
#...##.....#o#
#.. ##..#.#.#
#.# #..#.#.#
#.# #..#.#..
#####.#
#..#.#..
..[...#####..#
...
#####........#


You could see an orc priest and an orc.

Vanquished Creatures
  A scorpion (D:4)
  3 orc priests
  A worker ant (D:2)
  3 adders (D:3)
  4 oozes (D:2)
  3 worms
  4 dart slugs
  3 leopard geckos
  12 orcs
  9 bats
  4 giant cockroaches
  3 goblins
  16 hobgoblins
  4 jackals (D:1)
  7 kobolds
  2 ball pythons (D:2)
  5 frilled lizards
  7 rats
91 creatures vanquished.

Notes
Turn   | Place    | Note
-------+----------+-------------------------------------------
     0 | D:1      | Borgoz the Gargoyle Gladiator began the quest for the Orb.
     0 | D:1      | Reached XP level 1. HP: 12/12 MP: 1/1
   106 | D:1      | Reached XP level 2. HP: 14/18 MP: 2/2
   233 | D:1      | Reached skill level 1 in Armour
   286 | D:1      | Reached XP level 3. HP: 22/22 MP: 3/3
   885 | D:2      | Found an opulent altar of Gozag.
   975 | D:2      | Reached XP level 4. HP: 25/28 MP: 4/4
  1273 | D:2      | Reached XP level 5. HP: 26/32 MP: 5/5
  1920 | D:3      | Found a shimmering altar of Xom.
  2178 | D:3      | Reached XP level 6. HP: 38/38 MP: 6/6
  2632 | D:3      | Found an ornate altar of the Wu Jian Council.
  2769 | D:4      | Killed from afar by an orc priest

Levels and vault maps discovered:
D:1:      mrwooster_arrival_statue_3, layout_rooms, minmay_close_crescents
D:2:      minmay_skewed_foursquare, layout_loops_ring, lemuel_doored_altar,
          minmay_misc_feat_enclosed
D:3:      layout_loops_ring, lemuel_coloured_pillars_altar, tgw_xom,
          hangedman_decor_clover_reticule, kennysheep_generic_room_15
D:4:      layout_loops_ring, minmay_temple_entry_slanted, serial_glass,
          glass_columns_c, glass_columns_a, glass_columns_a, glass_columns_a,
          glass_columns_a, glass_columns_c, due_unseen_surprise,
          item_on_display_a, first_ration, minmay_misc_feat_ornament

Skill      XL: |  1  2  3  4  5  6 |
---------------+-------------------+-----
Armour         | 1 2 3 |  3.1
Fighting       | 3 4 |  4.0
Dodging        | 3 |  3.6
Maces & Flails | 4 |  4.3
Throwing       | |  1.7

Action                   |  1- 3 |  4- 6 || total
-------------------------+-------+-------++-------
Melee: Flail             |   110 |   225 ||   335
  Use: Potion            |       |     2 ||     2
 Stab: Sleeping          |     2 |     1 ||     3
  Eat: Chunk             |       |     6 ||     6
Armor: Leather armour    |    51 |    30 ||    81
       Scale mail        |       |    74 ||    74
Dodge: Dodged            |    93 |   158 ||   251

Table legend:
 A = Non-vault XP
 B = Vault XP
 C = Vault XP percentage of total XP
 D = Non-vault monster count
 E = Vault monster count
 F = Vault count percentage of total count
                 A         B        C        D         E       F
            +---------+---------+-------+---------+---------+-------
      Total |     404 |      65 |  13.9 |      77 |      14 |  15.4
            +---------+---------+-------+---------+---------+-------
        D:1 |      49 |       6 |  10.9 |      25 |       4 |  13.8
        D:2 |     121 |      44 |  26.7 |      27 |       4 |  12.9
        D:3 |     119 |      15 |  11.2 |      22 |       6 |  21.4
        D:4 |     115 |       0 |   0.0 |       3 |       0 |   0.0
            +---------+---------+-------+---------+---------+-------
